 Dungeon Crawl Stone Soup version 0.29.1-2-gbd0b4ee654 (console) character file.

Game seed: 12533379930368150462

645 Palin the Conjurer (level 7, -3/51 HPs)
             Began as a Purple Draconian Conjurer on Oct 27, 2022.
             Slain by a hornet (4 damage)
             ... on level 5 of the Dungeon.
             The game lasted 00:27:05 (5902 turns).

Palin the Conjurer (Purple Draconian Conjurer)      Turns: 5902, Time: 00:27:06

Health: -3/51      AC:  7    Str:  9    XL:     7   Next: 27%
Magic:  6/15       EV: 12    Int: 21    God:
Gold:   150        SH:  0    Dex:  9    Spells: 9/17 levels left

rFire   . . .      SeeInvis .   v - +0 whip (elec)
rCold   . . .      Faith    .   (no shield)
rNeg    . . .      Spirit   .   (body armour unavailable)
rPois   .          Reflect  .   (helmet restricted)
rElec   .          Harm     .   (no cloak)
rCorr   .          Rampage  .   (no gloves)
Will    +....                   q - +0 pair of boots
Stlth   ++........              (no amulet)
HPRegen 0.17/turn               (no ring)
MPRegen 0.14/turn               (no ring)

@: lethally poisoned (-3 -> -15), slowed, very slow
A: breathe power, AC +6, unfitting armour, cold-blooded
a: Breathe Dispelling Energy


You were on level 5 of the Dungeon.
You visited 1 branch of the dungeon, and saw 5 of its levels.
You also visited: Sewer.

You collected 150 gold pieces.

Inventory:

Hand Weapons
 d - a +0 whip
 v - a +0 whip of electrocution (weapon)
 y - a +1 short sword of flaming
Missiles
 p - 7 stones
 s - 16 poisoned darts (quivered)
Armour
 q - a +0 pair of boots (worn)
Scrolls
 c - 9 scrolls of teleportation
 j - a scroll of brand weapon {unknown}
 k - 2 scrolls of amnesia {unknown}
 l - a scroll of fear {unknown}
 n - a scroll of acquirement {unknown}
 o - a scroll of torment {unknown}
 r - 2 scrolls of identify
 t - a scroll of blinking {unknown}
Potions
 a - 2 potions of flight {unknown}
 b - a potion of might
 e - 2 potions of haste {unknown}
 f - a potion of berserk rage {unknown}
 g - 2 potions of heal wounds {unknown}
 h - 3 potions of ambrosia
 i - a potion of brilliance {unknown}
 m - a potion of degeneration {unknown}
 u - a potion of cancellation {unknown}
 w - a potion of invisibility {unknown}


   Skills:
 + Level 0.8 Fighting
 + Level 0.8 Throwing
 + Level 2.4 Dodging
 + Level 3.3 Stealth
 + Level 5.9 Spellcasting
 + Level 6.2 Conjurations


You had 9 spell levels left.
You knew the following spells:

 Your Spells              Type           Power      Damage    Failure   Level
a - Magic Dart            Conj           100%       1d8       1%          1
b - Searing Ray           Conj           64%        2d6       1%          2
c - Dazzling Flash        Conj/Hex       38%        N/A       9%          3
d - Blink                 Tloc           12%        N/A       16%         2

Your spell library contained the following spells:

 Spells                   Type           Power      Damage    Failure   Level
 Ensorcelled Hibernation  Hex/Ice        12%        N/A       16%         2
 Passwall                 Tmut/Erth      5%         N/A       16%         2
 Fulminant Prism          Conj/Hex       9%         3d7       26%         4
 Iskenderun's Mystic Bla  Conj/Tloc      19%        2d6       26%         4
 Lesser Beckoning         Tloc           6%         N/A       30%         3
 Swiftness                Air            6%         N/A       30%         3
 Manifold Assault         Tloc           6%         N/A       95%         5


Dungeon Overview and Level Annotations

Branches:
Dungeon (5/15)              Sewer (visited)
 Temple: D:4-7

Altars:
Uskayaw


Innate Abilities, Weirdness & Mutations

You can breathe bolts of dispelling energy.
Your rich purple scales are hard. (AC +6)
You cannot fit into any form of body armour.
You are cold-blooded and may be slowed by cold attacks.


Message History

You feel as though you will be slow longer.
The hornet stings you.
* * * LOW HITPOINT WARNING * * *
You feel as though you will be slow longer.
The searing ray hits the hornet!
The hornet is heavily wounded.
* * * LOW HITPOINT WARNING * * *
You feel sick. The hornet misses you. The hornet closely misses you.
It was a potion of curing.
You feel better. The hornet barely misses you. x2
The hornet stings you.
* * * LOW HITPOINT WARNING * * *
You are lethally poisoned!
You feel as though you will be slow longer.
You feel better. The hornet misses you. The hornet closely misses you.
Casting: Searing Ray (safe; 1% risk of failure)
Confirm with . or Enter, or press ? or * to list all spells.
Aiming: Searing Ray (safe; 1% risk of failure)
Press: ? - help, Shift-Dir - straight line, f/p - hornet
Aim: a hornet (heavily wounded, 71% to hit)
The searing ray hits the hornet.
The hornet is heavily wounded. (Press . to maintain the ray.)
The hornet stings you.
* * * LOW HITPOINT WARNING * * *
You are poisoned.
You feel as though you will be slow longer.
The hornet misses you.
The searing ray hits the hornet!
The hornet is severely wounded.
You feel very sick. The hornet closely misses you. The hornet stings you.
* * * LOW HITPOINT WARNING * * *
You are lethally poisoned!
You feel as though you will be slow longer.
The searing ray hits the hornet.
The hornet is almost dead.
* * * LOW HITPOINT WARNING * * *
You feel very sick. The hornet stings you.
You die...

$.... ...
###########...###
###
#...........y....
#####......g.#.
#.###..#.#
#.###gg# #......#
#.###.## #)# #y#
#@# #.######...
#..<.......
#.######...
#........
#########


You could see a hornet.

Vanquished Creatures
  Sigmund (D:2)
  A phantom (D:4)
  A kobold brigand (Sewer)
  A howler monkey (D:4)
  A hound (D:4)
  2 orc priests (D:4)
  An orc wizard (D:4)
  A gnoll (D:5)
  2 river rats (Sewer)
  8 adders
  4 worms
  2 dart slugs (D:1)
  4 orcs
  10 endoplasms
  9 giant cockroaches
  5 hobgoblins
  2 jackals (D:1)
  10 kobolds
  7 quokkas
  4 ball pythons
  2 bats
  3 frilled lizards
  4 goblins
  6 rats
91 creatures vanquished.

Vanquished Creatures (others)
  4 toadstools (D:1)
4 creatures vanquished.

Grand Total: 95 creatures vanquished

Notes
Turn   | Place    | Note
-------+----------+-------------------------------------------
     0 | D:1      | Palin the Draconian Conjurer began the quest for the Orb.
     0 | D:1      | Reached XP level 1. HP: 14/14 MP: 3/3
   251 | D:1      | Reached XP level 2. HP: 20/20 MP: 3/5
   275 | D:1      | Learned a level 2 spell: Searing Ray
  1041 | D:1      | Found a faded altar of an unknown god.
  1041 | D:1      | Noticed a golden eye
  1052 | D:1      | Reached XP level 3. HP: 22/26 MP: 0/6
  1113 | D:1      | Noticed an eye of devastation
  1118 | D:1      | Noticed a floating eye
  1121 | D:1      | Noticed a floating eye
  1356 | D:2      | Noticed Sigmund
  1377 | D:2      | Learned a level 3 spell: Dazzling Flash
  1912 | D:2      | Found a hide-covered altar of Uskayaw.
  2315 | D:2      | Killed Sigmund
  2316 | D:2      | Reached skill level 5 in Conjurations
  2316 | D:2      | Reached XP level 4. HP: 33/33 MP: 2/8
  2316 | D:2      | Reached XP level 5. HP: 38/38 MP: 2/9
  2375 | D:2      | Learned a level 2 spell: Blink
  2978 | D:3      | Noticed an orc warrior
  3375 | D:4      | Noticed a phantom
  3675 | D:4      | Reached XP level 6. HP: 25/45 MP: 3/11
  3957 | D:4      | Found a glowing drain.
  4006 | Sewer    | Entered a sewer
  4951 | D:4      | Reached skill level 6 in Conjurations
  5051 | D:4      | Your scales start taking on a rich purple colour.
  5051 | D:4      | Reached skill level 5 in Spellcasting
  5051 | D:4      | Reached XP level 7. HP: 51/51 MP: 7/15
  5636 | D:5      | Entered Level 5 of the Dungeon
  5854 | D:5      | Noticed a hornet
  5894 | D:5      | Paralysed by a hornet for 2 turns
  5902 | D:5      | HP: 1/51 [poisoned by a hornet]
  5902 | D:5      | Slain by a hornet

Illustrated notes

Levels and vault maps discovered:
D:1:      ldierk_walled_garden_2, layout_rooms,
          hellmonk_ecumenical_altar_watching_god
D:2:      layout_basic, basic_altar, uniq_sigmund
D:3:      layout_loops_cross, amcnicky_mini_rare_corridor_liquid,
          dreamdust_princess_bridge, lightli_corner_chamber
D:4:      cheibrodos_helix_gallery, layout_basic, gup_sewer_entry_pipe,
          hangedman_decor_riveting
D:5:      layout_loops_ring, slow_altar_1, tgw_xom, serial_shops,
          nicolae_shop_stone, uniq_menkaure, uniq_crazy_yiuf_cottage

Skill      XL: |  1  2  3  4  5  6 |
---------------+-------------------+-----
Stealth        | 2 3 |  3.3
Dodging        | 2 |  2.4
Spellcasting   | 3 5 |  5.9
Conjurations   | 5 6 |  6.2
Fighting       | |  0.8
Throwing       | |  0.8

Action                   |  1- 3 |  4- 6 |  7- 9 || total
-------------------------+-------+-------+-------++-------
Melee: Unarmed           |     2 |       |       ||     2
       Whip              |     2 |     1 |       ||     3
Throw: Stone             |     1 |       |       ||     1
 Cast: Magic Dart        |    88 |    91 |    12 ||   191
       Searing Ray       |     4 |    10 |     4 ||    18
  Use: Scroll            |     3 |       |       ||     3
       Potion            |     2 |       |     2 ||     4
Armor: Skin              |     7 |     8 |     3 ||    18
Dodge: Dodged            |    15 |    15 |    13 ||    43
